 Dungeon Crawl Stone Soup version 0.26.1-11-gd32895ea62 (webtiles) character file.

Game seed: 8570673344606531993

1097 bnorton916 the Shield-Bearer (level 8, -1/65 HPs)
             Began as a Formicid Fighter on June 24, 2021.
             Slain by Pikel
             ... wielding a +2 whip of flaming
              (6 damage)
             ... on level 6 of the Dungeon.
             The game lasted 00:08:15 (5949 turns).

bnorton916 the Shield-Bearer (Formicid Fighter)     Turns: 5949, Time: 00:08:17

Health: -1/65      AC:  8    Str: 22    XL:     8   Next: 57%
Magic:  8/8        EV: 10    Int:  9    God:
Gold:   267        SH: 10    Dex: 10    Spells: 7/7 levels left

rFire    . . .     SeeInvis +   a - +0 war axe
rCold    . . .     Faith    .   c - +0 kite shield
rNeg     . . .     Spirit   .   r - +3 leather armour {rPois}
rPois    +         Reflect  .   (helmet unavailable)
rElec    .         Harm     .   (no cloak)
rCorr    .         Rampage  .   (no gloves)
Will     +....                  k - +1 pair of boots
Stlth    +.........             (no amulet)
HPRegen  0.20/turn              s - ring of willpower
MPRegen  0.11/turn              (no ring)

@: brilliant, flying
A: permanent stasis, dig shafts and tunnels, four strong arms, antennae 3
a: Dig, Shaft Self


You were on level 6 of the Dungeon.
You visited 1 branch of the dungeon, and saw 6 of its levels.

You collected 267 gold pieces.

Inventory:

Hand Weapons
 a - a +0 war axe (weapon)
 p - a +0 vampiric hand axe
Armour
 c - a +0 kite shield (worn)
 k - a +1 pair of boots (worn)
 r - a +3 leather armour of poison resistance (worn)
Jewellery
 s - a ring of willpower (left hand)
Wands
 n - a wand of random effects (1)
 v - a wand of digging (5)
Scrolls
 b - a scroll of enchant armour {unknown}
 e - 5 scrolls of identify {unknown}
 g - 6 scrolls of teleportation {unknown}
 i - 6 scrolls of remove curse {unknown}
 l - a scroll of amnesia {unknown}
 m - 3 scrolls of magic mapping {unknown}
 u - a scroll of random uselessness {unknown}
 w - a scroll of blinking {unknown}
Potions
 d - a potion of might
 f - 3 potions of flight
 h - a potion of mutation {unknown}
 j - 2 potions of heal wounds {unknown}
 o - a potion of attraction {unknown}
 q - 2 potions of brilliance
 t - a potion of degeneration {unknown}
 x - 2 potions of curing {unknown}


   Skills:
 + Level 6.4 Fighting
 + Level 5.4 Axes
 - Level 5.1 Armour
 + Level 7.0 Shields


You had 7 spell levels left.
You didn't know any spells.
Your spell library was empty.

Dungeon Overview and Level Annotations

Branches:
Dungeon (6/15)
 Temple: D:4-7

Altars:
Dithmenos

Annotations:
D:6 Pikel


Innate Abilities, Weirdness & Mutations

You cannot be hasted, slowed, berserked, paralysed or teleported.
You can dig through walls and to a lower floor.
Your four strong arms can wield two-handed weapons with a shield.
You have a pair of large antennae on your head. (SInv)


Message History

* * * LOW HITPOINT WARNING * * *
The lemure hits you but does no damage. The adder barely misses you.
Pikel hits you but does no damage.
It was a potion of flight.
You feel very buoyant.
You fly up into the air.
The adder bites you.
* * * LOW HITPOINT WARNING * * *
The lemure hits you but does no damage. You block the lemure's attack.
Pikel hits you with a +2 whip of flaming.
* * * LOW HITPOINT WARNING * * *
Pikel burns you.
* * * LOW HITPOINT WARNING * * *
The adder bites you but does no damage.
It was a potion of brilliance.
You feel clever all of a sudden. The lemure hits you.
* * * LOW HITPOINT WARNING * * *
The lemure barely misses you. The adder bites you but does no damage.
Pikel hits you with a +2 whip of flaming.
You die...

.....#.
#####.....#
..:.......## {
........... {
..........#
..........#
......5...#
#....5@S.#
......K##....#
.. ..###
......J5 ...#
........ .......
.#.. .......#
....... # .
.#.....###...?..
.#.....(##......
.....##.#..#...$
...o.....>##


You could see Pikel, 2 lemures, a jelly and an adder.

Vanquished Creatures
  Sigmund (D:3)
  Eustachio (D:5)
  Duvessa (D:4)
  A lemure (D:6)
  Dowan (D:4)
  A scorpion (D:4)
  A hound (D:4)
  2 orc priests (D:4)
  A bullfrog skeleton (D:6)
  2 centaur skeletons (D:4)
  4 orc wizards
  Terence (D:3)
  Natasha (thrice) (D:3)
  9 adders
  An ooze (D:1)
  An adder skeleton (D:6)
  4 worms
  4 dart slugs
  3 leopard geckos
  18 orcs
  A ball python (D:1)
  8 bats
  5 giant cockroaches
  7 goblins
  8 hobgoblins
  3 jackals (D:1)
  4 kobolds
  3 quokkas
  7 frilled lizards
  13 rats
119 creatures vanquished.

Vanquished Creatures (others)
  5 toadstools (D:1)
5 creatures vanquished.

Grand Total: 124 creatures vanquished

Notes
Turn   | Place    | Note
-------+----------+-------------------------------------------
     0 | D:1      | bnorton916 the Formicid Fighter began the quest for the
                  | Orb.
     0 | D:1      | Reached XP level 1. HP: 18/18 MP: 1/1
   180 | D:1      | Reached XP level 2. HP: 21/24 MP: 2/2
   849 | D:1      | Reached XP level 3. HP: 29/29 MP: 3/3
   851 | D:1      | Reached skill level 4 in Shields
  1247 | D:2      | Reached XP level 4. HP: 28/37 MP: 4/4
  2190 | D:2      | Reached XP level 5. HP: 42/42 MP: 5/5
  2329 | D:3      | Noticed Natasha
  2340 | D:3      | Killed Natasha
  2429 | D:3      | Noticed Natasha
  2433 | D:3      | Killed Natasha
  2447 | D:3      | Noticed Natasha
  2454 | D:3      | Killed Natasha
  2520 | D:3      | Reached XP level 6. HP: 47/49 MP: 6/6
  2607 | D:3      | Reached skill level 5 in Shields
  2621 | D:3      | Noticed Sigmund
  2655 | D:3      | Killed Sigmund
  2656 | D:3      | Reached XP level 7. HP: 51/55 MP: 7/7
  2744 | D:3      | Noticed Terence
  2750 | D:3      | Killed Terence
  2751 | D:3      | Reached skill level 5 in Fighting
  2751 | D:3      | Reached skill level 5 in Armour
  3610 | D:4      | Noticed Duvessa
  3610 | D:4      | Noticed Dowan
  3745 | D:4      | Killed Duvessa
  3746 | D:4      | Reached skill level 6 in Shields
  3750 | D:4      | Killed Dowan
  3751 | D:4      | Reached XP level 8. HP: 41/64 MP: 8/8
  4588 | D:5      | Entered Level 5 of the Dungeon
  4768 | D:5      | Reached skill level 5 in Axes
  4970 | D:5      | Noticed Eustachio
  4990 | D:5      | Killed Eustachio
  5183 | D:5      | Reached skill level 7 in Shields
  5212 | D:5      | Found a shadowy altar of Dithmenos.
  5933 | D:6      | Noticed Pikel
  5949 | D:6      | Slain by Pikel

Illustrated notes

Levels and vault maps discovered:
D:1:      ldierk_walled_garden, layout_basic
D:2:      layout_basic
D:3:      layout_loops_ring, chequers_serial_rivers_small_b, minmay_quantized,
          uniq_natasha, uniq_sigmund, uniq_terence
D:4:      layout_basic, uniq_duvessa
D:5:      layout_rooms, grunt_dithmenos_smoke_and_mirrors, uniq_eustachio
D:6:      layout_cave_pools, amethyst_overflow_temple_binary, uniq_pikel

Skill      XL: |  1  2  3  4  5  6  7  8 |
---------------+-------------------------+-----
Shields        | 4 5 6 7 |  7.0
Fighting       | 4 5 6 |  6.4
Armour         | 4 5 |  5.1
Axes           | 3 4 5 |  5.4

Action                   |  1- 3 |  4- 6 |  7- 9 || total
-------------------------+-------+-------+-------++-------
Melee: War axe           |    73 |   165 |   236 ||   474
 Abil: Dig               |     2 |     3 |     9 ||    14
Evoke: Wand              |       |       |     3 ||     3
  Use: Potion            |       |       |     2 ||     2
Armor: Scale mail        |    43 |    55 |    11 ||   109
       Leather armour    |       |       |    57 ||    57
Dodge: Dodged            |    28 |    37 |   104 ||   169
Block: Kite shield       |    47 |    84 |   147 ||   278
